 Dungeon Crawl Stone Soup version 0.21.1-1-g345015f (webtiles) character file.

43959 iamserjio the Martial Artist (level 14, -6/92 HPs)
             Began as an Octopode Monk on Apr 9, 2018.
             Was a High Priest of Yredelemnul.
             Mangled by an entropy weaver (14 damage)
             ... on level 12 of the Dungeon.
             The game lasted 02:14:11 (19216 turns).

iamserjio the Martial Artist (Octopode Monk)       Turns: 19216, Time: 02:14:12

Health: -6/92      AC: -9    Str: 17      XL:     14   Next: 26%
Magic:  0/21       EV: 24    Int: 15 (16) God:    Yredelemnul [*****.]
Gold:   1163       SH:  0    Dex: 23      Spells: 5/19 levels left

rFire    + . .     SeeInvis .     - Unarmed
rCold    + . .     Gourm    .   (shield currently unavailable)
rNeg     . . .     Faith    .   B - +1 hat {Int+3}
rPois    +         Spirit   +   h - amulet of guardian spirit
rElec    .         Reflect  .   w - +5 ring of slaying
rCorr    .         Harm     .   H - ring of protection from fire
MR       ++...                  L - +5 ring of dexterity
Stlth    +++++.....             N - ring of protection from cold
HPRegen  0.25/turn              m - ring "Uzeudenn" {MR+ Str+3}
MPRegen  0.17/turn              p - ring of poison resistance
                                U - +5 ring of protection
                                F - +3 ring of dexterity

@: blade tentacles, corroded, drained
A: almost no armour, stealthy swim, amphibious, 8 rings, constrict 8, camouflage
1, deterioration 1, gelatinous body 1
a: End Transformation, Recall Undead Slaves, Injury Mirror, Animate Dead, Drain
Life, Enslave Soul, Renounce Religion


You were on level 12 of the Dungeon.
You worshipped Yredelemnul.
Yredelemnul was extremely pleased with you.
You were not hungry.
You had blades for tentacles.
You visited 3 branches of the dungeon, and saw 19 of its levels.
You also visited: Ossuary and Ice Cave.

You collected 1163 gold pieces.

Inventory:

Missiles
 X - 108 arrows
Armour
 r - a +0 buckler (melded)
 B - a +1 hat of intelligence (worn)
 I - a +0 shield
Jewellery
 h - an amulet of guardian spirit (around mantle)
 m - the ring "Uzeudenn" (on tentacle) {MR+ Str+3}
   (You found it on level 6 of the Lair of Beasts)

   [ring of protection from magic]

   It affects your strength (+3).
   It affects your resistance to hostile enchantments.
 p - a ring of poison resistance (on tentacle)
 w - a +5 ring of slaying (left scythe-like blade)
 C - an uncursed ring of resist corrosion
 F - a +3 ring of dexterity (on tentacle)
 H - a ring of protection from fire (right scythe-like blade)
 L - a +5 ring of dexterity (on tentacle)
 N - a ring of protection from cold (on tentacle)
 T - an uncursed ring of see invisible
 U - a +5 ring of protection (on tentacle)
 V - an uncursed amulet of rage
Wands
 y - a wand of disintegration (32)
 S - a wand of iceblast (6)
 W - a wand of digging (26)
Scrolls
 b - a scroll of acquirement {unknown}
 e - 10 scrolls of teleportation
 f - 3 scrolls of vulnerability
 j - 2 scrolls of enchant armour {unknown}
 n - 3 scrolls of amnesia
 o - 2 scrolls of noise {unknown}
 u - a scroll of holy word {unknown}
 v - a scroll of blinking {unknown}
 A - 2 scrolls of immolation {unknown}
 E - 2 scrolls of enchant weapon {unknown}
 Y - 4 scrolls of remove curse
 Z - a scroll of fear
Potions
 c - a potion of agility {unknown}
 d - 3 potions of brilliance {unknown}
 g - 3 potions of ambrosia
 i - a potion of cancellation {unknown}
 k - 2 potions of heal wounds
 l - 3 potions of berserk rage
 s - 2 potions of mutation {unknown}
 t - 4 potions of lignification
 K - 3 potions of might {unknown}
 M - 4 potions of haste
 Q - 2 potions of resistance
 R - 4 potions of curing {unknown}
Books
 z - a book of the Sky

   Spells                             Type                      Level
   a - Summon Lightning Spire         Summoning/Air                4
   b - Silence                        Hexes/Air                    5
   c - Deflect Missiles               Charms/Air                   6
   d - Conjure Ball Lightning         Conjuration/Air              6
   e - Tornado                        Air                          9
 J - a book of Changes

   Spells                             Type                      Level
   a - Beastly Appendage              Transmutation                1
   b - Sticks to Snakes               Transmutation                2
   c - Spider Form                    Transmutation/Poison         3
   d - Ice Form                       Ice/Transmutation            4
   e - Blade Hands                    Transmutation                5
Comestibles
 a - 40 rations


   Skills:
 + Level 7.4(7.3) Fighting
 + Level 11.4(11.2) Dodging
 - Level 6.0(5.8) Stealth
 + Level 6.5(6.4) Shields
 * Level 14.0(13.8) Unarmed Combat
 - Level 3.0(2.8) Spellcasting
 * Level 9.3(9.1) Transmutations
 - Level 1.0(0.9) Ice Magic
 - Level 10.0(9.8) Invocations


You had 5 spell levels left.
You knew the following spells:

 Your Spells              Type           Power        Failure   Level  Hunger
a - Spider Form           Tmut/Pois      ###.......   45%         3    ###....
b - Sticks to Snakes      Tmut           ####....     13%         2    ##.....
c - Blade Hands           Tmut           ####......   52%         5    ######.
d - Ice Form              Ice/Tmut       ###.....     69%         4    #####..


Dungeon Overview and Level Annotations

Branches:
Dungeon (12/15)            Temple (1/1) D:5            Lair (6/6) D:8
 Shoals (0/4) Lair:3       Spider (0/4) Lair:3        Slime (0/5) Lair:5
    Orc (0/2) D:12

Altars:
Ashenzari
Cheibriados
Dithmenos
Elyvilon
Fedhas
Gozag
Hepliaklqana
Kikubaaqudgha
Makhleb
Nemelex Xobeh
Okawaru
Qazlal
Ru
Sif Muna
Trog
Uskayaw
Vehumet
Wu Jian
Xom
Yredelemnul
Zin
The Shining One
Jiyva

Shops:
D:11 %


Innate Abilities, Weirdness & Mutations

You cannot wear most types of armour.
You are very stealthy in the water. (Stealth+)
You are amphibious.
You can wear up to eight rings at the same time.
You can use your tentacles to constrict eight enemies at once.
Your skin changes colour to match your surroundings (Stealth+).
Your rubbery body absorbs attacks. (AC +1, EV +1)
Your body sometimes deteriorates upon taking damage.


Message History

The entropic weave corrodes you!
Your skeletal warrior hits the entropy weaver from afar with a trident of protection.
The entropy weaver hits you. The entropy weaver hits you!
The entropy weaver hits you. The entropy weaver hits you!
A phantom comes into view.
You slash the entropy weaver! You squeeze the entropy weaver.
The entropy weaver is almost dead.
You constrict the entropy weaver.
The entropy weaver casts a spell.
The entropic weave corrodes you!
Your flayed ghost cries, "Suffer as I suffered!"
The soldier ant waves its antennae.
The entropy weaver hits you!
* * * LOW HITPOINT WARNING * * *
The entropy weaver completely misses you.
The entropy weaver hits you!
* * * LOW HITPOINT WARNING * * *
The entropy weaver hits you!
You die...
Your body rises from the dead as a mindless zombie.

........# ........#
(....######## ........# .
#............ ........#
#.#............ ........#
#.............. ........#
#............. z......
#.a...........
##################aaa....(.....
...........ZZzWz@aaaza.<.!.....
###################yaa......z..
#>...W....... #..y....$a.....
#..........#.## #..y.....###
#...yy...# #........a


You could see 2 entropy weavers, a phantom, 7 soldier ants, a worker ant, a
killer bee, a wight, 2 friendly skeletal warriors, a friendly flayed ghost and 2
friendly soldier ant zombies.

Vanquished Creatures
  2 dire elephants (Lair:6)
  A hydra (Lair:4)
  3 two-headed ogres
  Erica (D:8)
  An anaconda (Lair:6)
  A phantasmal warrior (D:12)
  A wolf spider (Lair:3)
  2 ugly things (IceCv)
  7 elephants (Lair:6)
  A black mamba (Lair:1)
  2 ice statues (IceCv)
  A merfolk siren (Lair:3)
  7 spiny frogs
  3 komodo dragons
  A polar bear (Lair:2)
  4 hippogriffs
  3 blink frogs (Lair:4)
  Sigmund (D:2)
  19 yaks
  2 wyverns
  A fire bat (Lair:4)
  A basilisk (Lair:2)
  Grum (D:10)
  3 hungry ghosts
  3 soldier ants (D:12)
  8 water moccasins
  4 porcupines
  2 orc warriors
  A sky beast (D:11)
  7 ice beasts
  2 black bears
  3 ogres
  The ghost of Bibiz0n the Chopper, an amateur HOFi of Makhleb (D:4)
  A necrophage (D:9)
  5 centaurs
  13 wolves
  7 crocodiles
  A big kobold (D:10)
  9 bullfrogs
  A water moccasin zombie (Ossuary)
  A wyvern skeleton (D:7)
  5 killer bees
  A scorpion (D:9)
  4 wights
  2 electric eels (Lair:5)
  The ghost of Flooderbenga the Grave Robber, a weakling GnNe (D:3)
  A crimson imp (D:5)
  2 howler monkeys (D:11)
  A lava snake (Lair:4)
  7 hounds
  2 jellies
  13 orc wizards
  5 orc priests
  2 centaur skeletons
  3 hell rats (Lair:5)
  An iguana (D:4)
  11 worker ants
  3 big kobold zombies (Ossuary)
  A hound zombie (D:8)
  2 mummies (Ossuary)
  2 worker ant zombies
  14 gnolls
  11 adders
  5 river rats (Lair:5)
  3 shadow imps
  7 adder zombies
  2 worms (D:2)
  2 dart slugs (D:3)
  8 leopard geckos
  30 orcs
  2 giant cockroaches (D:1)
  5 gnoll zombies (Ossuary)
  7 hobgoblins
  10 jackals
  13 kobolds
  A quokka (D:7)
  5 bats
  2 frilled lizards
  3 goblins
  2 goblin zombies (D:7)
  3 hobgoblin zombies (Ossuary)
  6 kobold zombies (Ossuary)
  A leopard gecko zombie (D:5)
  2 orc zombies (Ossuary)
  A quokka skeleton (D:5)
  6 rats
  A bush (Lair:4)
  A plant (Lair:6)
360 creatures vanquished.

Vanquished Creatures (collateral kills)
  Gastronok (D:8)
  2 dire elephants (Lair:6)
  Erolcha (D:10)
  Harold (D:10)
  4 hydras
  A death yak (Lair:4)
  The ghost of Verendum the Spear-Bearer, a journeyman GrFi of Hepliaklqana (Lair:1)
  A skeletal warrior (D:12)
  A phantasmal warrior (D:12)
  16 elephants
  3 black mambas
  A merfolk siren (Lair:3)
  6 spiny frogs
  A rime drake (Lair:3)
  3 komodo dragons
  A jumping spider (Lair:3)
  A polar bear (Lair:2)
  A troll (D:11)
  2 merfolk (Lair:3)
  3 blink frogs (Lair:4)
  7 hippogriffs
  A redback (Lair:3)
  A spriggan (D:11)
  21 yaks
  3 fire bats (Lair:4)
  A steam dragon (Lair:4)
  A basilisk (Lair:6)
  4 soldier ants (D:12)
  9 water moccasins
  4 porcupines
  A necrophage (D:10)
  4 wolves (Lair:3)
  An ogre (D:11)
  2 phantoms
  A centaur (D:10)
  A crocodile (Lair:6)
  5 bullfrogs
  5 wights
  A howler monkey (D:11)
  A jelly (D:9)
  A crimson imp (D:8)
  A hound (D:10)
  An orc wizard (D:11)
  2 iguanas
  2 hell rats (Lair:5)
  A hound zombie (D:11)
  A worker ant zombie (D:9)
  6 river rats (Lair:5)
  An adder (D:9)
  3 orcs
  2 rats (Lair:5)
  A bush (Lair:3)
  14 fungi
  17 plants
178 creatures vanquished.

Vanquished Creatures (others)
  A phantasmal warrior (Lair:6)
  A hydra zombie (Lair:6)
  A black mamba zombie (Lair:6)
  24 flying skulls
  A vampire (Lair:3)
  2 wraiths (Lair:3)
  A spiny frog zombie (Lair:1)
  An elephant zombie (Lair:6)
  A blink frog zombie (Lair:4)
  An elephant skeleton (Lair:6)
  2 hippogriff zombies
  3 water moccasin zombies
  4 yak zombies
  A water moccasin skeleton (Lair:4)
  2 wolf zombies (Lair:3)
  2 bullfrog zombies (D:8)
  A centaur zombie (D:8)
  2 killer bee zombies (D:8)
  A crocodile zombie (Lair:6)
  2 hound zombies (Lair:3)
  4 orc zombies (D:8)
  A river rat zombie (Lair:5)
  A jackal zombie (D:6)
  A leopard gecko zombie (D:8)
  9 fungi
  6 plants
76 creatures vanquished.

Grand Total: 614 creatures vanquished

Notes
Turn   | Place    | Note
-------+----------+-------------------------------------------
     0 | D:1      | iamserjio the Octopode Monk began the quest for the Orb.
     0 | D:1      | Reached XP level 1. HP: 16/16 MP: 1/1
   243 | D:1      | Reached XP level 2. HP: 19/21 MP: 2/2
   896 | D:2      | Reached XP level 3. HP: 26/26 MP: 3/3
   932 | D:2      | Found a shimmering altar of Xom.
   988 | D:2      | Noticed Sigmund
  1027 | D:2      | Killed Sigmund
  1027 | D:2      | Reached skill level 4 in Unarmed Combat
  1027 | D:2      | Reached XP level 4. HP: 31/31 MP: 4/4
  1027 | D:2      | Reached XP level 5. HP: 36/36 MP: 5/5
  1108 | D:2      | Found a hide-covered altar of Uskayaw.
  1109 | D:2      | Found a sacrificial altar of Ru.
  1112 | D:2      | Found a shattered altar of Ashenzari.
  1401 | D:2      | Reached skill level 5 in Unarmed Combat
  1401 | D:2      | Reached XP level 6. HP: 35/42 MP: 6/6
  1494 | D:2      | Reached skill level 5 in Dodging
  1643 | D:3      | Noticed Flooderbenga's ghost (weakling GnNe)
  2317 | D:3      | Killed Flooderbenga's ghost
  3088 | D:4      | Reached XP level 7. HP: 40/46 MP: 7/7
  3221 | D:4      | Noticed Bibiz0n's ghost (amateur HOFi)
  3279 | D:4      | Reached skill level 6 in Unarmed Combat
  3566 | D:4      | Reached skill level 5 in Stealth
  3580 | D:4      | Found a hazy altar of Hepliaklqana.
  3803 | D:4      | Killed Bibiz0n's ghost
  4258 | D:5      | Entered Level 5 of the Dungeon
  4626 | D:5      | Reached XP level 8. HP: 36/52 MP: 5/8
  4632 | D:5      | Found a staircase to the Ecumenical Temple.
  4641 | Temple   | Entered the Ecumenical Temple
  4677 | Temple   | Became a worshipper of Yredelemnul the Dark
  4677 | Temple   | Reached * piety under Yredelemnul
  4677 | Temple   | Reached ** piety under Yredelemnul
  4746 | D:5      | Reached skill level 7 in Unarmed Combat
  6247 | D:6      | Reached skill level 8 in Unarmed Combat
  6287 | D:6      | Reached skill level 1 in Invocations
  6314 | D:6      | Got a smoking short sword
  6315 | D:6      | Identified the cursed +1 short sword of a sewer {freeze, MR+} (You found it on level 6 of the Dungeon)
  6725 | D:7      | Found a white marble altar of Elyvilon.
  6805 | D:7      | Found a sand-covered staircase.
  6820 | Ossuary  | Entered an ossuary
  6840 | Ossuary  | Reached *** piety under Yredelemnul
  7077 | Ossuary  | Reached XP level 9. HP: 45/56 MP: 7/10
  7307 | D:7      | Reached skill level 9 in Unarmed Combat
  7999 | D:8      | Learned a level 3 spell: Spider Form
  8123 | D:8      | Found a staircase to the Lair.
  8173 | D:8      | Reached skill level 1 in Transmutations
  8289 | D:8      | Noticed Erica
  8290 | D:8      | Gained mutation: Your body sometimes deteriorates upon taking damage. [miscasting Spider Form]
  8301 | D:8      | Killed Erica
  8600 | D:8      | Reached **** piety under Yredelemnul
  8610 | D:8      | Noticed a two-headed ogre
  8611 | D:8      | Reached skill level 10 in Unarmed Combat
  8611 | D:8      | Reached XP level 10. HP: 45/63 MP: 10/13
  8626 | D:8      | Killed a two-headed ogre
  8626 | D:8      | Reached skill level 5 in Invocations
  8733 | D:8      | Noticed Gastronok
  8816 | D:8      | Killed Gastronok
  8817 | D:8      | Received a gift from Yredelemnul (2 flying skulls)
  8959 | D:8      | Learned a level 2 spell: Sticks to Snakes
  9078 | D:10     | Entered Level 10 of the Dungeon
  9116 | D:9      | Reached skill level 5 in Transmutations
  9137 | D:9      | Received a gift from Yredelemnul (3 flying skulls)
  9508 | D:10     | Noticed Harold
  9515 | D:10     | Noticed Erolcha
  9525 | D:10     | Killed Harold
  9525 | D:10     | Reached XP level 11. HP: 53/67 MP: 11/16
  9528 | D:10     | Killed Erolcha
  9646 | D:10     | Noticed Grum
  9655 | D:10     | Killed Grum
  9955 | D:10     | Reached skill level 11 in Unarmed Combat
 10168 | D:12     | Noticed a death knight
 10168 | D:12     | Noticed a skeletal warrior
 10168 | D:12     | Noticed a phantasmal warrior
 10168 | D:12     | Noticed a phantasmal warrior
 10323 | D:11     | Received a gift from Yredelemnul (5 flying skulls)
 10654 | D:11     | Reached skill level 1 in Spellcasting
 10658 | D:11     | Noticed a two-headed ogre
 10663 | D:11     | Killed a two-headed ogre
 10817 | D:11     | Reached skill level 1 in Shields
 10868 | D:11     | Noticed a two-headed ogre
 10875 | D:11     | Killed a two-headed ogre
 10901 | D:11     | Found a blossoming altar of Fedhas.
 11137 | D:11     | Found Obed's Food Emporium.
 11317 | D:12     | Noticed an entropy weaver
 11627 | Lair:1   | Entered Level 1 of the Lair of Beasts
 11711 | Lair:1   | Noticed Verendum's ghost (journeyman GrFi)
 11725 | Lair:1   | Killed Verendum's ghost
 11726 | Lair:1   | Received a gift from Yredelemnul (a wraith)
 12089 | Lair:1   | Got a pitted flail
 12121 | Lair:1   | Reached XP level 12. HP: 75/75 MP: 18/18
 12407 | Lair:1   | Reached skill level 10 in Dodging
 12672 | Lair:2   | Reached ***** piety under Yredelemnul
 12683 | Lair:2   | Reached skill level 12 in Unarmed Combat
 12883 | Lair:2   | Received a gift from Yredelemnul (a wraith)
 13027 | Lair:2   | Identified the +7 flail "Oboffuab" {crush, *Noise Str+5} (You found it on level 1 of the Lair of Beasts)
 13247 | Lair:3   | Noticed a five-headed hydra
 13257 | Lair:3   | Killed a five-headed hydra
 13257 | Lair:3   | Reached skill level 5 in Fighting
 13413 | Lair:3   | Received a gift from Yredelemnul (a vampire)
 13569 | Lair:3   | Found a hole to the Spider Nest.
 13978 | Lair:3   | Found a staircase to the Shoals.
 14543 | Lair:3   | Received a gift from Yredelemnul (a phantasmal warrior)
 15183 | Lair:4   | Noticed a four-headed hydra
 15193 | Lair:4   | Killed a four-headed hydra
 15193 | Lair:4   | Reached XP level 13. HP: 67/83 MP: 15/19
 15204 | Lair:4   | Reached skill level 5 in Shields
 15212 | Lair:4   | Reached skill level 13 in Unarmed Combat
 15217 | Lair:4   | Received a gift from Yredelemnul (4 flying skulls)
 15889 | Lair:5   | Received a gift from Yredelemnul (a skeletal warrior)
 15896 | Lair:5   | Found a frozen archway.
 15931 | IceCv    | Entered an ice cave
 16132 | IceCv    | Found a transporter.
 16725 | Lair:5   | Received a gift from Yredelemnul (5 flying skulls)
 16781 | Lair:5   | Received a gift from Yredelemnul (5 flying skulls)
 17106 | Lair:5   | Found a staircase to the Slime Pits.
 17106 | Lair:5   | Found a viscous altar of Jiyva.
 17241 | Lair:5   | Learned a level 5 spell: Blade Hands
 17246 | Lair:5   | Learned a level 4 spell: Ice Form
 17299 | Lair:6   | Entered Level 6 of the Lair of Beasts
 17326 | Lair:6   | Reached skill level 1 in Ice Magic
 17435 | Lair:6   | Received a gift from Yredelemnul (a skeletal warrior)
 18011 | Lair:6   | Reached XP level 14. HP: 77/92 MP: 17/21
 18229 | Lair:6   | Got a scintillating brass ring
 18290 | Lair:6   | Killed a dire elephant
 18298 | Lair:6   | Noticed a dire elephant
 18298 | Lair:6   | Noticed a dire elephant
 18303 | Lair:6   | Killed a dire elephant
 18303 | Lair:6   | Reached skill level 10 in Invocations
 18311 | Lair:6   | Killed a dire elephant
 18719 | Lair:6   | Noticed a dire elephant
 18731 | Lair:6   | Killed a dire elephant
 18848 | Lair:5   | Identified the ring "Uzeudenn" {MR+ Str+3} (You found it on level 6 of the Lair of Beasts)
 19085 | D:12     | Received a gift from Yredelemnul (a flayed ghost)
 19092 | D:12     | Reached skill level 14 in Unarmed Combat
 19169 | D:12     | Found a staircase to the Orcish Mines.
 19211 | D:12     | Noticed an entropy weaver
 19216 | D:12     | Mangled by an entropy weaver

Skill      XL: |  1  2  3  4  5  6  7  8  9 10 11 12 13 14 |
---------------+-------------------------------------------+-----
Stealth        | 3 4 5 6 |  6.0
Dodging        | 4 5 6 7 9 10 11 | 11.4
Unarmed Combat | 4 5 6 8 10 11 12 13 14 | 14.0
Invocations    | 2 4 7 8 9 10 | 10.0
Transmutations | 2 5 6 7 8 9 |  9.3
Spellcasting   | 2 3 |  3.0
Shields        | 2 4 6 |  6.5
Fighting       | 4 5 7 |  7.4
Ice Magic      | 1 |  1.0

Action                   |  1- 3 |  4- 6 |  7- 9 | 10-12 | 13-15 || total
-------------------------+-------+-------+-------+-------+-------++-------
Melee: Unarmed           |    49 |   117 |   276 |   417 |   262 ||  1121
       Constrict         |    15 |    26 |    55 |    70 |    31 ||   197
       Tentacles         |    13 |    25 |    68 |   114 |    94 ||   314
       Punch             |     3 |     5 |    32 |    42 |    46 ||   128
       Flail             |       |       |       |     2 |       ||     2
Throw: Javelin           |       |     1 |       |       |       ||     1
 Cast: Blade Hands       |       |       |       |       |     4 ||     4
Invok: Animate Remains   |       |       |     5 |       |       ||     5
       Animate Dead      |       |       |     5 |    39 |    26 ||    70
       Recall Undead Sla |       |       |       |    14 |     9 ||    23
       Stop Recall       |       |       |       |     2 |     1 ||     3
Evoke: Wand              |       |       |       |     3 |     2 ||     5
  Use: Scroll            |       |       |    11 |     8 |     5 ||    24
       Potion            |       |       |       |     6 |     4 ||    10
 Stab: Sleeping          |    14 |     5 |    16 |    25 |     4 ||    64
       Distracted        |       |     1 |     2 |    10 |     4 ||    17
  Eat: Chunk             |       |     6 |    15 |    17 |    16 ||    54
       Ration            |       |       |     2 |     5 |     2 ||     9
Armor: Skin              |     1 |     5 |     5 |    32 |    26 ||    69
Dodge: Dodged            |    19 |    90 |   185 |   276 |   216 ||   786
Block: Shield            |       |       |       |   103 |     3 ||   106
       Buckler           |       |       |       |       |    52 ||    52
